Map: Pillars of Gold LE

Players

JimRising - Winner!

  • Race: Zerg Zerg
  • League: Master
  • Spawn Location: 7:00

Erik

  • Race: Zerg Zerg
  • Spawn Location: 1:00

Event: DreamHack SC2 Masters 2020 Winter

VOD

Have the link to the VOD?

Description

Time

  • Played on: Oct. 22, 2020, 5:48 p.m.
  • Length: 10:30

All games in this series

Show
View Real Time Build Order
Export as new Build Order

JimRising Zerg - Winner!

Build Orders: Hatch First 

Get SALT Encoding   

  12  0:00  Drone  
  13  0:13  Overlord  
  13  0:17  Drone  
  14  0:31  Drone x2  
  16  0:51  Hatchery  
  16  0:54  Drone  
  16  0:57  Drone  
  16  1:00  Drone  
  18  1:07  Extractor  
  17  1:18  Spawning Pool  
  17  1:20  Drone  
  17  1:24  Drone  
  18  1:29  Drone  
  19  1:47  Drone  
  20  1:58  Overlord  
  20  2:05  Queen  
  20  2:06  Zergling x4  
  24  2:09  Spine Crawler  
  24  2:13  Queen  
  25  2:17  Zergling x2  
  25  2:21  Zergling x2  
  27  2:25  Drone  
  27  2:26  Drone  
  26  2:48  Drone x2  
  26  2:49  Drone x2  
  31  2:56  Queen  
  31  2:58  Overlord  
  33  3:05  Roach Warren  
  32  3:10  Drone x3  
  35  3:17  Evolution Chamber  
  35  3:19  Drone  
  35  3:21  Drone x2  
  35  3:25  Drone  
  38  3:28  Drone  
  38  3:33  Overlord  
  39  3:36  Drone  
  39  3:38  Drone  
  41  3:44  Overlord  
  41  3:47  Zerg Missile Weapons Level 1  
  39  3:52  Evolution Chamber  
  38  3:57  Drone x3  
  38  4:01  Drone x2  
  43  4:03  Drone  
  43  4:04  Drone  
  44  4:12  Drone x3  
  44  4:13  Drone  
  44  4:15  Extractor  
  44  4:16  Extractor  
  46  4:19  Lair  
  46  4:29  Drone, Overlord  
  46  4:30  Roach  
  46  4:31  Roach  
  51  4:33  Drone  
  51  4:35  Drone x2  
  56  4:38  Roach  
  56  4:44  Overlord  
  56  4:47  Roach x2  
  56  4:51  Roach  
  62  4:55  Overlord  
  62  4:57  Roach  
  64  5:03  Roach x3  
  64  5:06  Roach  
  72  5:20  Spore Crawler  
  71  5:24  Roach x3  
  78  5:34  Hatchery  
  77  5:36  Drone  
  77  5:37  Drone x3  
  77  5:38  Extractor  
  80  5:43  Zerg Missile Weapons Level 2  
  80  5:46  Drone x4  
  84  5:52  Overlord  
  84  5:56  Glial Reconstitution  
  84  5:59  Zerg Ground Armor Level 1  
  84  6:02  Overseer  
  84  6:04  Overlord  
  84  6:09  Overlord  
  84  6:16  Roach x4  
  84  6:17  Overlord  
  92  6:23  Roach x3  
  98  6:26  Roach  
  98  6:28  Roach  
  98  6:31  Roach  
  98  6:32  Roach  
  106  6:36  Roach  
  108  6:45  Roach x3  
  108  6:47  Roach x2  
  108  6:51  Roach  
  108  6:54  Roach  
  98  6:55  Roach x2  
  98  6:58  Roach  
  98  7:01  Roach  
  92  7:02  Roach  
  92  7:04  Roach  
  92  7:07  Roach  
  88  7:15  Roach x3  
  88  7:17  Roach  
  88  7:20  Roach  
  88  7:21  Roach  
  88  7:28  Roach x3  
  92  7:32  Queen  
  92  7:35  Roach  
  92  7:36  Roach  
  98  7:39  Roach  
  98  7:43  Roach  
  102  7:45  Roach  
  102  7:49  Overseer  
  104  7:59  Overseer  
  104  8:03  Roach x6  
  103  8:24  Overseer  
  104  8:27  Roach x6  
  104  8:33  Roach  
  104  8:34  Roach x2  
  114  8:40  Roach  
  116  8:45  Overseer  
  114  8:50  Overseer  
  114  8:51  Roach  
  114  8:55  Roach x2  
  112  9:05  Roach x2  
  110  9:10  Roach  
  102  9:28  Roach x2  
  102  9:29  Roach  
  82  9:39  Roach x2  
  72  9:53  Roach x2  
  61  10:10  Roach  
Show
View Real Time Build Order
Export as new Build Order

Erik Zerg 

Build Orders: Pool First 

Get SALT Encoding   

  12  0:00  Drone  
  13  0:09  Drone  
  14  0:14  Extractor  
  14  0:15  Drone  
  15  0:24  Overlord  
  15  0:37  Spawning Pool  
  15  0:42  Drone  
  15  0:45  Drone  
  15  0:49  Drone  
  17  1:10  Hatchery  
  16  1:14  Drone  
  17  1:20  Extractor  
  17  1:24  Zergling x4  
  18  1:27  Zergling x2  
  19  1:35  Queen  
  19  1:39  Zergling x2  
  22  1:48  Overlord  
  22  1:55  Extractor  
  22  1:59  Drone  
  23  2:10  Drone  
  23  2:13  Queen  
  26  2:20  Drone, Metabolic Boost  
  27  2:25  Drone  
  28  2:36  Drone  
  29  2:38  Drone  
  26  2:44  Drone  
  26  2:45  Drone x2  
  26  2:46  Drone x2  
  31  2:57  Overlord  
  31  2:58  Drone  
  32  3:10  Zergling x2  
  32  3:11  Zergling x2  
  34  3:15  Hatchery  
  34  3:19  Zergling x2  
  34  3:20  Drone  
  34  3:22  Drone  
  34  3:23  Drone  
  34  3:24  Drone  
  38  3:27  Drone  
  38  3:30  Drone  
  40  3:35  Evolution Chamber, Drone  
  40  3:37  Drone  
  41  3:46  Drone x3  
  44  3:49  Extractor x2  
  44  3:53  Roach Warren  
  44  3:55  Drone x2  
  43  4:01  Lair  
  43  4:05  Overlord  
  42  4:11  Overlord  
  42  4:13  Drone x2  
  42  4:16  Zerg Missile Weapons Level 1  
  44  4:27  Drone x2  
  46  4:31  Queen  
  46  4:33  Roach x3  
  54  4:40  Roach x2  
  54  4:41  Roach  
  60  4:50  Overlord  
  60  4:59  Glial Reconstitution  
  60  5:00  Overseer  
  60  5:03  Roach x2  
  60  5:06  Drone x2  
  66  5:08  Overlord x2  
  66  5:09  Extractor  
  66  5:11  Drone  
  65  5:26  Roach x7  
  79  5:35  Overlord  
  78  5:42  Overlord x2  
  78  5:43  Overlord  
  78  5:47  Roach  
  78  5:48  Roach x3  
  86  6:02  Roach x5  
  96  6:08  Roach x2  
  96  6:09  Roach  
  102  6:14  Drone x3  
  105  6:20  Tunneling Claws  
  105  6:21  Burrow  
  105  6:24  Drone  
  106  6:32  Overlord  
  106  6:35  Drone x3  
  106  6:36  Drone  
  100  6:49  Roach x2  
  100  6:50  Roach x5  
  94  7:03  Roach  
  94  7:04  Roach x5  
  104  7:14  Roach x2  
  104  7:15  Roach x3  
  106  7:17  Drone  
  106  7:19  Extractor  
  102  7:25  Drone x2  
  100  7:32  Roach  
  102  7:38  Drone x3  
  102  7:39  Roach x2  
  102  7:40  Roach  
  102  7:42  Roach x5  
  102  7:43  Zerg Ground Armor Level 1  
  105  7:47  Overlord  
  105  7:50  Roach x9  
  123  7:53  Roach x10  
  123  7:57  Roach x2  
  119  7:59  Roach  
  119  8:00  Roach x2  
  123  8:14  Roach x4  
  131  8:24  Roach x7  
  127  8:28  Roach x8  
  127  8:29  Roach x4  
  127  8:31  Roach x2  
  129  8:34  Overlord x2  
  129  8:39  Hydralisk Den  
  128  8:47  Roach  
  128  8:48  Roach x5  
  132  8:50  Roach x2  
  132  8:51  Roach  
  134  8:55  Roach  
  134  8:56  Roach x3  
  138  9:08  Roach x6  
  115  9:26  Roach x7  
  102  9:38  Roach x3  
  56  9:53  Roach x3  
  42  10:02  Roach x2  
Tags
 
Add a new tag
Caveats
  • Supply blocks, unpowered buildings, or Contaminate may cause inaccurate times.
  • Supply counts are checked every 10 seconds.